 Dungeon Crawl Stone Soup version 0.30-a0-241-g1121274140 (webtiles) character file.

Game seed: 1614466396065478161

90 gzilladon the Shield-Bearer (level 4, -8/41 HPs)
             Began as a Gnoll Fighter on Oct 10, 2022.
             Killed by divine providence
             ... invoked by an orc priest
              (16 damage)
             ... on level 3 of the Dungeon.
             The game lasted 00:05:57 (1399 turns).

gzilladon the Shield-Bearer (Gnoll Fighter)         Turns: 1399, Time: 00:05:58

Health: -8/41      AC:  7    Str: 18    XL:     4   Next: 56%
Magic:  5/5        EV:  9    Int:  7    God:
Gold:   55         SH:  5    Dex: 11    Spells: 5/5 levels left

rFire   + . .      SeeInvis .    a - +0 war axe
rCold   . . .      Faith    .    c - +0 buckler
rNeg    . . .      Spirit   .    i - +0 scale mail {rF+}
rPois   .          Reflect  .    (no helmet)
rElec   .          Harm     .    (no cloak)
rCorr   .          Rampage  .    (no gloves)
Will    .....                    (no boots)
Stlth   ..........               (no amulet)
HPRegen 0.26/turn                (no ring)
MPRegen 0.09/turn                (no ring)

@: mighty
A: fangs 1, strong nose, distributed training
a: no special abilities


You were on level 3 of the Dungeon.
You visited 1 branch of the dungeon, and saw 3 of its levels.

You collected 55 gold pieces.

Inventory:

Hand Weapons
 a - a +0 war axe (weapon)
Missiles
 h - 12 stones (quivered)
 m - 5 poisoned darts
Armour
 b - a +0 scale mail
 c - a +0 buckler (worn)
 i - a +0 scale mail of fire resistance (worn)
Jewellery
 q - an amulet of the acrobat
Scrolls
 e - 2 scrolls of fog {unknown}
 f - a scroll of immolation {unknown}
 j - a scroll of identify {unknown}
 k - 2 scrolls of silence {unknown}
 l - 2 scrolls of teleportation {unknown}
Potions
 g - a potion of ambrosia {unknown}
 n - 2 potions of mutation {unknown}
 o - a potion of flight {unknown}
 p - a potion of magic {unknown}


   Skills:
 + Level 6.6 Fighting
 + Level 1.2 Short Blades
 + Level 1.2 Long Blades
 + Level 4.7 Axes
 + Level 1.2 Maces & Flails
 + Level 1.2 Polearms
 + Level 1.2 Staves
 + Level 1.2 Ranged Weapons
 + Level 1.2 Throwing
 + Level 6.6 Armour
 + Level 1.2 Dodging
 + Level 1.2 Stealth
 + Level 6.6 Shields
 + Level 1.2 Unarmed Combat
 + Level 1.2 Spellcasting
 + Level 1.0 Conjurations
 + Level 1.0 Hexes
 + Level 1.0 Summonings
 + Level 1.0 Necromancy
 + Level 1.0 Translocations
 + Level 1.0 Transmutations
 + Level 1.0 Fire Magic
 + Level 1.0 Ice Magic
 + Level 1.0 Air Magic
 + Level 1.0 Earth Magic
 + Level 1.0 Poison Magic
 + Level 1.3 Invocations
 + Level 1.2 Evocations


You had 5 spell levels left.
You didn't know any spells.
Your spell library contained the following spells:

 Spells                   Type           Power      Damage    Failure   Level
 Static Discharge         Conj/Air       2%         2-3/arc   82%         2
 Vhi's Electric Charge    Tloc/Air       2%         N/A       96%         3
 Arcjolt                  Conj/Air       0%         1d10      100%        5
 Lightning Bolt           Conj/Air       0%         1d11      100%        5


Dungeon Overview and Level Annotations

Branches:
Dungeon (3/15)

Altars:
Sif Muna


Innate Abilities, Weirdness & Mutations

You have very sharp teeth.
Your uncanny sense of smell can sniff out nearby items.
Your experience applies equally to all skills.


Message History

* * * LOW HITPOINT WARNING * * *
You bump into the rock wall.
The orc priest closely misses you. The orc wizard barely misses you.
You bump into the rock wall.
The orc priest barely misses you.
The orc wizard gestures at you while chanting.
The puff of flame misses you.
You bump into the crystal wall.
You feel less confused.
The orc priest hits you but does no damage.
The orc wizard hits you but does no damage.
You hit the orc priest. Your bite misses the orc priest.
The orc priest is moderately wounded.
You slash the orc!
You kill the orc!
You slash the orc wizard! The orc priest completely misses you.
The orc wizard closely misses you.
You slash the orc priest!
The orc priest is severely wounded.
You slash the orc wizard!
You kill the orc wizard!
The orc priest hits you with a +0 whip.
* * * LOW HITPOINT WARNING * * *
Your Conjurations skill increases to level 1!
Your Hexes skill increases to level 1!
Your Summonings skill increases to level 1!
Your Necromancy skill increases to level 1!
Your Translocations skill increases to level 1!
Your Transmutations skill increases to level 1!
Your Fire Magic skill increases to level 1!
Your Ice Magic skill increases to level 1!
Your Air Magic skill increases to level 1!
Your Earth Magic skill increases to level 1!
Your Poison Magic skill increases to level 1!
You closely miss the orc priest.
The orc priest is severely wounded.
You hit the hobgoblin.
You kill the hobgoblin!
The orc priest calls down the wrath of Beogh upon you.
Beogh smites you!
You die...

#.).............#
#...............#
#........########
# ##...##### #.
#...#
####.#...#######
......)o........
....#=.J#.#.....
... #.)o@_......
g.....B##.#.....
....... .......
....... .......
####(.. .=.....
#... ∆.......
#... .......
...>###


You could see an orc priest, an orc, an endoplasm and a giant cockroach.

Vanquished Creatures
  An orc wizard (D:3)
  An adder (D:2)
  A dart slug (D:1)
  2 worms
  2 orcs (D:3)
  6 ball pythons
  6 bats
  2 endoplasms
  A giant cockroach (D:2)
  5 goblins
  7 hobgoblins
  4 jackals (D:1)
  3 kobolds
  2 frilled lizards
  3 rats
46 creatures vanquished.

Notes
Turn   | Place    | Note
-------+----------+-------------------------------------------
     0 | D:1      | gzilladon the Gnoll Fighter began the quest for the Orb.
     0 | D:1      | Reached XP level 1. HP: 23/23 MP: 1/1
   139 | D:1      | Reached XP level 2. HP: 29/29 MP: 2/2
   439 | D:1      | Reached XP level 3. HP: 35/35 MP: 3/3
   722 | D:2      | Reached skill level 1 in Invocations
   855 | D:2      | Found a faded altar of an unknown god.
  1139 | D:2      | Reached skill level 1 in Short Blades
  1139 | D:2      | Reached skill level 1 in Long Blades
  1139 | D:2      | Reached skill level 1 in Maces & Flails
  1139 | D:2      | Reached skill level 1 in Polearms
  1139 | D:2      | Reached skill level 1 in Staves
  1139 | D:2      | Reached skill level 1 in Ranged Weapons
  1139 | D:2      | Reached skill level 1 in Throwing
  1139 | D:2      | Reached skill level 1 in Dodging
  1139 | D:2      | Reached skill level 1 in Stealth
  1139 | D:2      | Reached skill level 1 in Unarmed Combat
  1139 | D:2      | Reached skill level 1 in Spellcasting
  1139 | D:2      | Reached skill level 1 in Evocations
  1346 | D:3      | Reached XP level 4. HP: 34/41 MP: 5/5
  1378 | D:3      | Found a shimmering blue altar of Sif Muna.
  1399 | D:3      | Reached skill level 1 in Conjurations
  1399 | D:3      | Reached skill level 1 in Hexes
  1399 | D:3      | Reached skill level 1 in Summonings
  1399 | D:3      | Reached skill level 1 in Necromancy
  1399 | D:3      | Reached skill level 1 in Translocations
  1399 | D:3      | Reached skill level 1 in Transmutations
  1399 | D:3      | Reached skill level 1 in Fire Magic
  1399 | D:3      | Reached skill level 1 in Ice Magic
  1399 | D:3      | Reached skill level 1 in Air Magic
  1399 | D:3      | Reached skill level 1 in Earth Magic
  1399 | D:3      | Reached skill level 1 in Poison Magic
  1399 | D:3      | Killed from afar by an orc priest

Illustrated notes

Levels and vault maps discovered:
D:1:      lemuel_arrival_broad_hall, layout_loops_ring
D:2:      layout_loops_ring, shapermc_ecumenical_altar_mp_highgroup
D:3:      layout_basic, lemuel_crystal_altar

Skill      XL: |  1  2  3  4 |
---------------+-------------+-----
Invocations    | 1 |  1.3
Short Blades   | 1 |  1.2
Long Blades    | 1 |  1.2
Maces & Flails | 1 |  1.2
Polearms       | 1 |  1.2
Staves         | 1 |  1.2
Ranged Weapons | 1 |  1.2
Throwing       | 1 |  1.2
Dodging        | 1 |  1.2
Stealth        | 1 |  1.2
Unarmed Combat | 1 |  1.2
Spellcasting   | 1 |  1.2
Evocations     | 1 |  1.2
Conjurations   | 1 |  1.0
Hexes          | 1 |  1.0
Summonings     | 1 |  1.0
Necromancy     | 1 |  1.0
Translocations | 1 |  1.0
Transmutations | 1 |  1.0
Fire Magic     | 1 |  1.0
Ice Magic      | 1 |  1.0
Air Magic      | 1 |  1.0
Earth Magic    | 1 |  1.0
Poison Magic   | 1 |  1.0
Fighting       | |  6.6
Axes           | |  4.7
Armour         | |  6.6
Shields        | |  6.6

Action                   |  1- 3 |  4- 6 || total
-------------------------+-------+-------++-------
Melee: War axe           |    77 |    10 ||    87
       Bite              |     4 |       ||     4
  Use: Potion            |       |     1 ||     1
Armor: Scale mail        |    43 |     7 ||    50
Dodge: Dodged            |    44 |    12 ||    56
Block: Buckler           |    32 |     2 ||    34

Table legend: (Time is in decaauts)
 A = Elapsed time spent in this place.
 B = Non-inter-level travel time spent in this place.
 C = Inter-level travel time spent in this place.
 D = Time resting spent in this place.
 E = Time spent auto-exploring this place.
 F = Levels seen in this place.
 G = Mean time per level.
                   A        B        C        D        E       F      G
               +--------+--------+--------+--------+--------+-----+--------+
         Total |   1424 |   1221 |    203 |     20 |      0 |   3 |  474.7 |
       Dungeon |   1424 |   1221 |    203 |     20 |      0 |   3 |  474.7 |
               +--------+--------+--------+--------+--------+-----+--------+

Top non-repeatable levels by time:
     D:2: 678 daAuts
     D:1: 662 daAuts
     D:3: 83 daAuts
